 Dungeon Crawl Stone Soup version 0.31.0-11-ge490571c62 (webtiles) character file.

Game seed: 13583441956798391221

29 boopmooplesden the Shield-Bearer (level 3, 0/31 HPs)
             Began as an Armataur Fighter on Feb 4, 2024.
             Slain by a gnoll
             ... wielding a +0 club
              (2 damage)
             ... on level 2 of the Dungeon.
             The game lasted 00:00:54 (312 turns).

boopmooplesden the Shield-Bearer (Armataur Fighter)  Turns: 312, Time: 00:00:54

Health: 0/31       AC:  7    Str: 23    XL:     3   Next: 1%
Magic:  3/3        EV:  7    Int:  8    God:
Gold:   46         SH:  4    Dex:  9    Spells: 2/2 levels left

rFire   . . .        a - +0 long sword
rCold   . . .        c - +0 buckler
rNeg    . . .        b - +0 scale mail
rPois   .            (no helmet)
rElec   .            (no cloak)
rCorr   .            (no gloves)
SInv    .            (no barding)
Will    .....        (no amulet) Stlth
                     (no ring)
HPRegen 0.25/turn    (no ring)
MPRegen 0.08/turn

%: roll
@: mighty
A: large, deformed body, tough skin 3, armoured tail, roll 1
a: no special abilities


You were on level 2 of the Dungeon.
You visited 1 branch of the dungeon, and saw 2 of its levels.

You collected 46 gold pieces.

Inventory:

Hand Weapons
 a - a +0 long sword (weapon)
Armour
 b - a +0 scale mail (worn)
 c - a +0 buckler (worn)
Jewellery
 g - a ring of positive energy
Scrolls
 f - a scroll of fear {unknown}


   Skills:
 + Level 3.0 Fighting
 + Level 2.0 Long Blades
 + Level 3.8 Armour
 + Level 0.4 Dodging
 + Level 3.8 Shields


You had 2 spell levels left.
You didn't know any spells.
Your spell library was empty.

Dungeon Overview and Level Annotations

Branches:
Dungeon (2/15)

Altars:


Innate Abilities, Weirdness & Mutations

Armour fits poorly on your strangely shaped body.
You have extremely tough skin. (AC +3)
You have a long armoured tail.
You regenerate magic when rolling toward enemies. (Rampage MPRegen)


Message History

A nearby plant withers and dies. x2; The bat hits you but does no damage.
The quokka closely misses you.
Your Long Blades skill increases to level 2!
You slash the quokka!
You kill the quokka!
The bat hits you but does no damage. You block the ball python's attack.
You barely miss the gnoll. You block the ball python's attack.
You block the gnoll's attack.
The ball python bites you but does no damage.
The gnoll hits you but does no damage. The gnoll closely misses you.
You closely miss the ball python.
The ball python bites you but does no damage.
The gnoll hits you from afar with a +0 halberd.
The gnoll hits you but does no damage.
A gnoll comes into view. It is wielding a +0 halberd.
The ball python bites you but does no damage.
The gnoll shouts!
You slash the ball python!
You kill the ball python!
You hear a shout!
The bat hits you but does no damage. The gnoll hits you but does no damage.
The gnoll hits you from afar with a +0 halberd.
* * * LOW HITPOINT WARNING * * *
You have reached level 3!
Your experience leads to an increase in your attributes!
Increase (S)trength, (I)ntelligence, or (D)exterity?
You feel stronger. x2
The air fills with toxic fumes!
As you read the scroll labelled ONOAPNEO BOASA, it crumbles to dust.
It was a scroll of poison.
The gnoll hits you from afar with a +0 halberd.
* * * LOW HITPOINT WARNING * * *
The gnoll hits you but does no damage. The quokka bites you.
* * * LOW HITPOINT WARNING * * *
You aren't carrying any potions.
You hit the quokka.
You kill the quokka!
The bat hits you but does no damage. The gnoll barely misses you.
The gnoll hits you with a +0 club.
You die... ......♣..♣♣♣ .§.#§§P♣§P.♣♣.♣ ....§§§♣§.P...# #..§♣§§♣..♣.♣ ♣...§§§♣♣..P♣ ..♣.♣g§§§♣PP.. .P ♣♣§g.♣ P.♣ ♣ ♣g†§♣♣♣P♣# ♣ ♣@♣.P♣♣..# .# P.P

♣♣♣.P..#### .#
.....#♣♣.......# #..
...............######.#
.##..######............
# #............
#............
#............
###............


You could see 3 gnolls.

Vanquished Creatures
  A gnoll (D:2)
  2 endoplasms
  A goblin (D:1)
  2 hobgoblins
  4 jackals (D:2)
  2 kobolds (D:1)
  2 quokkas (D:2)
  3 ball pythons
  A rat (D:1)
18 creatures vanquished.

Notes
Turn   | Place    | Note
-------+----------+-------------------------------------------
     0 | D:1      | boopmooplesden the Armataur Fighter began the quest for the
                  | Orb.
     0 | D:1      | Reached XP level 1. HP: 18/18 MP: 1/1
   188 | D:1      | Reached XP level 2. HP: 25/25 MP: 2/2
   215 | D:1      | You fall into a shaft and drop 1 floor!
   311 | D:2      | Reached XP level 3. HP: 6/31 MP: 3/3
   311 | D:2      | HP: 1/31 [quokka (3)]
   312 | D:2      | Slain by a gnoll

Illustrated notes

Levels and vault maps discovered:
D:1:      minmay_arrival_three_doors, layout_basic
D:2:      wad_woods_stonehenge, layout_basic,
          shapermc_ecumenical_altar_hornbeckon

Skill      XL: |  1  2 |
---------------+-------+-----
Fighting       | 3 |  3.0
Long Blades    | 2 |  2.0
Armour         | |  3.8
Dodging        | |  0.4
Shields        | |  3.8

Action                     || total
---------------------------++-------
  Melee: Long sword        ||    48
         Tailslap          ||     4
    Use: Potion            ||     1
         Scroll            ||     1
 Armour: Scale mail        ||    51
  Dodge: Dodged            ||    21
  Block: Buckler           ||    12
